General information
- name: grudge05
- type: Ladder 1vs1/FFA
- host: BEAR_AND
- saver: BEAR_AND
map: FrozenHarvest
- players: 5
- length: 10:51
- speed: Fast
- version: 1.21 W3XP
- replay type:

» download(43 KB)
Players
team 1 (winner)
wwgt]Samuro (
red | 195 APM | 2110 actions | 10:50)
4 Blademaster
2 Wind Walk
2 Critical Strike
» actions
| Assign group hotkey | 304 | |
| Basic commands | 5 | |
| Build / train | 38 | |
| Enter build submenu | 18 | |
| Enter hero's abilities submenu | 4 | |
| Give item / drop item | 2 | |
| Right click | 1135 | |
| Select / deselect | 278 | |
| Select group hotkey | 275 | |
| Use ability | 51 | |
2110 total
» units
» buildings
| Altar of Storms | 1 | |
| Orc Burrow | 7 | |
| Barracks | 1 | |
| Voodoo Lounge | 1 | |
| Stronghold | 1 | |
| Beastiary | 2 | |
| Fortress | 4 | |
| War Mill | 1 | |
18 total
» build order
00:05 Altar of Storms
00:17 Orc Burrow
00:37 Barracks
01:24 Orc Burrow
02:28 Voodoo Lounge
03:09 Stronghold
04:08 Orc Burrow
05:36 Beastiary
05:36 Beastiary
06:07 Orc Burrow
09:06 Fortress
09:06 Fortress
09:08 Orc Burrow
09:08 Orc Burrow
09:09 Orc Burrow
10:13 War Mill
» items
| Healing Salve | 4 | |
| Lesser Clarity Potion | 2 | |
| Potion of Healing | 2 | |
8 total
team 2 (loser)

»
WWGT]Smolderas (
dark-green | 71 APM | 771 actions | 10:51)
1 Dreadlord
1 Sleep
1 Death Knight
1 Death Coil
» actions
| Assign group hotkey | 12 | |
| Basic commands | 63 | |
| Build / train | 31 | |
| ESC pressed | 5 | |
| Enter build submenu | 14 | |
| Enter hero's abilities submenu | 2 | |
| Remove unit from queue | 1 | |
| Right click | 388 | |
| Select / deselect | 195 | |
| Select group hotkey | 21 | |
| Use ability | 39 | |
771 total
» units
| Acolyte | 3 | |
| Ghoul | 9 | |
| Crypt Fiend | 1 | |
| Gargoyle | 3 | |
16 total
» upgrades
| Unholy Strength | 2 | |
| Web | 1 | |
| Unholy Armor | 1 | |
4 total
» buildings
| Crypt | 1 | |
| Ziggurat | 5 | |
| Altar of Darkness | 1 | |
| Nerubian Tower | 2 | |
| Graveyard | 1 | |
| Halls of the Dead | 1 | |
| Spirit Tower | 2 | |
| Sacrificial Pit | 2 | |
| Black Citadel | 1 | |
16 total
» build order
00:07 Crypt
00:11 Ziggurat
00:28 Altar of Darkness
01:14 Nerubian Tower
01:18 Ziggurat
02:13 Nerubian Tower
02:27 Graveyard
03:58 Halls of the Dead
04:10 Ziggurat
04:16 Ziggurat
05:42 Spirit Tower
06:06 Ziggurat
06:36 Sacrificial Pit
06:49 Sacrificial Pit
07:00 Spirit Tower
08:49 Black Citadel
observersBEAR_AND,
iggy_the_fisk,
dirtmcwordup Chat log
(10:13 / Observers) BEAR_AND: boot scoot & boogie
(10:34 / All) wwgt]Samuro: good game..
(10:39 / All) WWGT]Smolderas: gg